Map: Ultralove

Players

Moja - Winner!

  • Race: Terran Terran
  • League: Grandmaster
  • Spawn Location: 7:00

SANTE

  • Race: Zerg Zerg
  • Spawn Location: 1:00

VOD

Have the link to the VOD?

Description

Time

  • Played on: Aug. 12, 2025, 4:59 p.m.
  • Length: 10:32
Show
View Real Time Build Order
Export as new Build Order

Moja Terran - Winner!

Build Orders: Reaper Expand, Hellion Banshee 

Get SALT Encoding   

  12  0:00  SCV  
  13  0:13  SCV  
  14  0:16  Supply Depot  
  14  0:25  SCV  
  15  0:38  SCV  
  15  0:39  Barracks  
  15  0:42  Refinery  
  16  0:50  SCV  
  17  1:02  SCV  
  18  1:14  SCV  
  19  1:25  Reaper  
  19  1:26  Orbital Command  
  20  1:37  Command Center  
  20  1:45  Supply Depot  
  20  1:52  SCV  
  21  1:57  Marine  
  22  2:04  SCV  
  23  2:08  Factory  
  23  2:16  SCV  
  23  2:19  Barracks Reactor  
  24  2:28  SCV  
  25  2:36  Command Center  
  25  2:40  SCV  
  26  2:50  Orbital Command  
  26  2:52  SCV  
  26  2:57  Starport  
  27  3:02  Refinery  
  27  3:04  SCV  
  28  3:10  Hellion  
  28  3:11  Hellion  
  32  3:15  SCV  
  32  3:16  SCV  
  32  3:18  Barracks Tech Lab  
  34  3:27  SCV  
  34  3:28  SCV  
  34  3:31  Hellion  
  34  3:32  Hellion  
  40  3:39  SCV  
  40  3:41  SCV  
  42  3:45  Banshee  
  41  3:53  SCV  
  39  3:56  SCV, Orbital Command  
  40  4:05  SCV  
  40  4:06  Barracks Tech Lab  
  40  4:08  SCV  
  42  4:10  Hellion  
  42  4:11  Hellion  
  46  4:17  SCV  
  46  4:20  SCV  
  46  4:23  SCV  
  49  4:25  Stimpack  
  49  4:29  SCV  
  50  4:31  Supply Depot  
  50  4:33  SCV  
  50  4:37  SCV  
  55  4:39  Barracks  
  55  4:40  Factory Reactor, Viking  
  55  4:41  SCV  
  55  4:45  Barracks, SCV  
  56  4:48  Supply Depot  
  56  4:51  SCV  
  57  4:53  SCV  
  57  4:57  SCV  
  57  4:58  Refinery  
  59  5:04  SCV  
  59  5:06  SCV  
  61  5:09  SCV  
  62  5:16  Engineering Bay, SCV  
  62  5:17  Engineering Bay  
  62  5:18  SCV, Starport Reactor  
  62  5:19  Refinery, Supply Depot  
  64  5:21  SCV  
  64  5:28  SCV  
  66  5:29  Marine  
  66  5:30  SCV, Marine  
  66  5:34  Barracks x2, SCV  
  70  5:40  Marine x2  
  70  5:42  Orbital Command  
  71  5:45  SCV  
  71  5:48  SCV  
  73  5:51  Siege Tank  
  73  5:56  Supply Depot x2  
  73  5:57  SCV  
  76  5:58  Marine x3  
  76  6:00  SCV  
  76  6:02  Terran Infantry Weapons Level 1, Terran Infantry Armor Level 1  
  80  6:08  Marine  
  80  6:09  SCV  
  80  6:10  SCV  
  83  6:12  SCV  
  83  6:13  Combat Shield  
  83  6:17  Medivac x2  
  88  6:19  Supply Depot  
  88  6:20  Supply Depot  
  88  6:21  SCV, Marine, Barracks Reactor  
  88  6:22  Marine, Barracks Reactor  
  93  6:25  SCV  
  92  6:35  Barracks x2  
  92  6:36  Barracks  
  92  6:38  Marine x2  
  92  6:39  Marine, Siege Tank  
  97  6:47  Marine x2  
  98  6:52  Supply Depot  
  98  6:53  Medivac x2  
  104  6:55  Supply Depot  
  104  6:56  Marine, Supply Depot  
  104  6:58  Marine x2  
  104  6:59  Marine  
  104  7:00  Marine x2  
  110  7:06  Marine x2  
  112  7:11  Marine  
  112  7:13  Marine  
  112  7:15  Siege Tank  
  117  7:16  Marine x2, Supply Depot  
  117  7:17  Armory  
  117  7:19  Marine  
  120  7:24  Supply Depot  
  120  7:27  Marine x4  
  120  7:28  Marine x3  
  120  7:29  Marine  
  128  7:31  Marine, Medivac x2  
  133  7:38  Marine x3, Supply Depot  
  136  7:44  Supply Depot  
  136  7:45  Marine x4  
  140  7:51  Marine x4  
  140  7:52  Marine  
  140  7:53  Siege Tank  
  140  7:56  Marine x3  
  151  8:01  Medivac x2  
  151  8:03  Marine x3  
  151  8:04  Marine  
  151  8:05  Supply Depot  
  159  8:09  Marine x4  
  159  8:12  Marine  
  164  8:13  Marine  
  164  8:14  Marine x2  
  164  8:16  Supply Depot  
  167  8:20  Marine  
  167  8:21  Marine  
  167  8:25  Marine x2  
  171  8:28  Marine  
  171  8:29  Marine x3  
  171  8:30  Marine  
  171  8:31  Marine  
  171  8:32  Marine  
  171  8:33  Marine  
  174  8:38  Marine x2  
  174  8:41  Siege Tank  
  178  8:43  Marine x2  
  178  8:46  Marine  
  178  8:47  Marine x3  
  183  8:48  Marine  
  183  8:49  Marine x2  
  183  8:50  Marine  
  187  8:56  Marine x2  
  187  9:01  Liberator x2, Marine x2  
  197  9:15  Command Center  
  197  9:24  Marine x5  
  197  9:25  Marine  
  197  9:26  Marine x2  
  197  9:37  Marine x2  
  197  9:41  Marine  
  197  9:46  Refinery  
  197  9:47  Refinery  
  197  9:56  Marine x5  
  197  9:57  Marine x2  
  197  9:59  Marine x2  
  197  10:01  Marine x2  
  151  10:09  Marine  
  151  10:13  Marine  
  132  10:17  Barracks Tech Lab x3  
Show
View Real Time Build Order
Export as new Build Order

SANTE Zerg 

Build Orders: Hatch First 

Get SALT Encoding   

  12  0:00  Drone  
  13  0:08  Drone  
  14  0:14  Drone, Extractor  
  15  0:21  Overlord  
  15  0:40  Drone  
  16  0:45  Hatchery  
  16  0:49  Drone  
  16  0:53  Drone  
  17  0:57  Drone  
  18  1:07  Extractor  
  17  1:12  Spawning Pool  
  17  1:15  Drone  
  17  1:18  Drone  
  18  1:26  Drone  
  19  1:37  Drone  
  20  1:47  Drone  
  21  1:58  Queen x2  
  21  1:59  Zergling x4  
  27  2:08  Drone  
  28  2:10  Overlord  
  28  2:11  Metabolic Boost  
  28  2:26  Drone  
  28  2:28  Drone  
  29  2:33  Hatchery  
  28  2:38  Overlord  
  28  2:43  Zergling x4  
  30  2:49  Zergling x2  
  30  2:51  Zergling x2  
  32  2:55  Zergling x2  
  33  3:08  Drone x7  
  40  3:16  Overlord  
  40  3:19  Queen  
  42  3:26  Drone x2  
  44  3:29  Overlord  
  44  3:38  Drone x2  
  46  3:41  Drone  
  46  3:43  Drone x3  
  46  3:45  Drone  
  49  3:48  Drone  
  49  3:54  Queen  
  49  3:55  Queen  
  50  3:59  Drone x3  
  55  4:06  Overlord  
  55  4:08  Drone  
  56  4:10  Queen  
  58  4:17  Drone  
  58  4:18  Drone x2  
  61  4:24  Overlord  
  61  4:25  Drone  
  61  4:26  Drone x5  
  61  4:28  Baneling Nest  
  66  4:37  Overlord  
  66  4:41  Drone  
  66  4:42  Drone  
  66  4:43  Drone  
  66  4:44  Extractor  
  68  4:46  Extractor  
  68  4:47  Hatchery  
  68  4:52  Drone x3  
  69  4:55  Drone x3  
  69  4:58  Drone  
  69  4:59  Spore Crawler  
  72  5:00  Spore Crawler, Drone  
  72  5:01  Drone  
  72  5:02  Spore Crawler  
  72  5:05  Lair  
  72  5:19  Drone x4  
  76  5:22  Extractor x2  
  76  5:23  Evolution Chamber  
  76  5:24  Drone x2  
  76  5:25  Drone  
  76  5:26  Evolution Chamber, Drone x2  
  76  5:27  Drone  
  78  5:29  Drone  
  78  5:30  Spore Crawler, Overlord x2  
  78  5:35  Overlord x2  
  78  5:39  Zergling x8  
  82  5:49  Zergling x6  
  82  5:53  Zerg Melee Weapons Level 1, Zerg Ground Armor Level 1  
  82  5:57  Overlord x2  
  82  6:03  Drone x7  
  89  6:04  Overseer, Centrifugal Hooks  
  89  6:11  Drone x4  
  89  6:15  Zergling x10  
  98  6:21  Drone  
  98  6:22  Infestation Pit  
  98  6:23  Zergling x4  
  100  6:29  Overlord  
  100  6:32  Overlord  
  100  6:33  Zergling x12  
  100  6:38  Baneling x14  
  106  6:46  Zergling x16  
  114  6:52  Drone  
  115  7:00  Zergling x4  
  115  7:01  Zergling x18  
  126  7:03  Hive  
  126  7:05  Hatchery  
  126  7:07  Queen  
  127  7:17  Overlord  
  127  7:18  Zergling x16  
  135  7:24  Overlord  
  135  7:25  Overlord  
  135  7:30  Zergling x18  
  144  7:42  Zergling x12  
  150  7:50  Zerg Ground Armor Level 2, Zerg Melee Weapons Level 2  
  150  7:53  Zergling x12  
  156  8:06  Overlord x2  
  156  8:07  Zergling x16  
  156  8:09  Baneling x13  
  164  8:18  Zergling x10  
  167  8:21  Adrenal Glands  
  167  8:26  Zergling x14  
  159  8:29  Ultralisk Cavern, Extractor  
  157  8:40  Viper  
  159  8:41  Viper  
  159  8:43  Zergling x16  
  168  8:54  Overlord x2  
  169  8:55  Zergling x16  
  177  9:03  Baneling x4, Overlord  
  177  9:04  Overlord  
  172  9:17  Ultralisk x3  
  172  9:18  Zergling x18  
  199  9:27  Zergling x10  
  199  9:28  Zergling x4  
  199  9:29  Queen  
  176  9:41  Ultralisk  
  176  9:44  Overlord x2  
  176  9:49  Zergling x12  
  176  9:50  Baneling Nest  
  111  10:11  Zergling x2  
  111  10:12  Zergling x6  
Tags
 
Add a new tag
Caveats
  • Supply blocks, unpowered buildings, or Contaminate may cause inaccurate times.
  • Supply counts are checked every 10 seconds.